Workbook

Sheet Instrucciones
B2: Lista de la compra
B3: Plantilla gratuita de PlantillasDeCalculo.com
B5: CÓMO USARLA
B6: 1. Pon arriba el presupuesto que te has marcado para esta compra.
B7: 2. Añade cada producto con su sección, la cantidad y lo que crees que cuesta.
B8: 3. El estimado se calcula solo y te da el total antes de salir de casa.
B9: 4. Ordena por sección con el filtro de la cabecera para no dar vueltas por el súper.
B10: 5. En el súper, marca lo comprado y apunta el precio real si difiere del estimado.
B11: 6. «Resumen» compara presupuesto, estimado y real, y te dice en qué sección se te va.
B13: LEYENDA DE COLORES
B14: Fondo crema y texto azul — lo escribes tú
B15: Texto verde — se calcula solo, no lo toques
... B22: No afiliado a Microsoft. Excel® es una marca registrada de Microsoft Corporation.

Sheet Listas
A1: Sección | B1: Sí/No
A2: Fruta y verdura | B2: Sí
A3: Carne | B3: No
A4: Pescado
A5: Lácteos y huevos
A6: Panadería
A7: Despensa
A8: Congelados
A9: Bebidas
A10: Limpieza
A11: Higiene
A12: Otros

Sheet Lista
B2: LISTA DE LA COMPRA
B4: Presupuesto de la compra | C4: 120
B6: Sección | C6: Producto | D6: Cantidad | E6: Precio estimado | F6: Estimado | G6: Precio real | H6: Real | I6: ¿Comprado?
B7: Fruta y verdura | C7: Manzanas | D7: 1.5 | E7: 2.2 | F7: =IF(C7="",0,N(D7)*N(E7)) -> 3.3 | H7: =IF(C7="",0,N(D7)*N(G7)) -> 0
B8: Carne | C8: Pechuga de pollo | D8: 1 | E8: 7.9 | F8: =IF(C8="",0,N(D8)*N(E8)) -> 7.9 | H8: =IF(C8="",0,N(D8)*N(G8)) -> 0
B9: Lácteos y huevos | C9: Leche | D9: 6 | E9: 0.95 | F9: =IF(C9="",0,N(D9)*N(E9)) -> 5.7 | H9: =IF(C9="",0,N(D9)*N(G9)) -> 0
B10: Despensa | C10: Arroz | D10: 2 | E10: 1.3 | F10: =IF(C10="",0,N(D10)*N(E10)) -> 2.6 | H10: =IF(C10="",0,N(D10)*N(G10)) -> 0
F11: =IF(C11="",0,N(D11)*N(E11)) -> 0 | H11: =IF(C11="",0,N(D11)*N(G11)) -> 0
F12: =IF(C12="",0,N(D12)*N(E12)) -> 0 | H12: =IF(C12="",0,N(D12)*N(G12)) -> 0
F13: =IF(C13="",0,N(D13)*N(E13)) -> 0 | H13: =IF(C13="",0,N(D13)*N(G13)) -> 0
F14: =IF(C14="",0,N(D14)*N(E14)) -> 0 | H14: =IF(C14="",0,N(D14)*N(G14)) -> 0
F15: =IF(C15="",0,N(D15)*N(E15)) -> 0 | H15: =IF(C15="",0,N(D15)*N(G15)) -> 0
F16: =IF(C16="",0,N(D16)*N(E16)) -> 0 | H16: =IF(C16="",0,N(D16)*N(G16)) -> 0
F17: =IF(C17="",0,N(D17)*N(E17)) -> 0 | H17: =IF(C17="",0,N(D17)*N(G17)) -> 0
F18: =IF(C18="",0,N(D18)*N(E18)) -> 0 | H18: =IF(C18="",0,N(D18)*N(G18)) -> 0
F19: =IF(C19="",0,N(D19)*N(E19)) -> 0 | H19: =IF(C19="",0,N(D19)*N(G19)) -> 0
F20: =IF(C20="",0,N(D20)*N(E20)) -> 0 | H20: =IF(C20="",0,N(D20)*N(G20)) -> 0
F21: =IF(C21="",0,N(D21)*N(E21)) -> 0 | H21: =IF(C21="",0,N(D21)*N(G21)) -> 0
F22: =IF(C22="",0,N(D22)*N(E22)) -> 0 | H22: =IF(C22="",0,N(D22)*N(G22)) -> 0
... F126: =IF(C126="",0,N(D126)*N(E126)) -> 0 | H126: =IF(C126="",0,N(D126)*N(G126)) -> 0
B128: TOTAL | F128: =SUM(F7:F126) -> 19.5 | H128: =SUM(H7:H126) -> 0

Sheet Resumen
B2: CÓMO HA IDO LA COMPRA
E3: Por sección
B4: Presupuesto | C4: =Lista!$C$4 -> 120 | E4: Sección | F4: Productos | G4: Estimado | H4: Real
B5: Coste estimado | C5: =Lista!$F$128 -> 19.5 | E5: Fruta y verdura | F5: =COUNTIF(Lista!$B$7:$B$126,E5) -> 1 | G5: =SUMIF(Lista!$B$7:$B$126,E5,Lista!$F$7:$F$126) -> 3.3 | H5: =SUMIF(Lista!$B$7:$B$126,E5,Lista!$H$7:$H$126) -> 0
B6: Coste real | C6: =Lista!$H$128 -> 0 | E6: Carne | F6: =COUNTIF(Lista!$B$7:$B$126,E6) -> 1 | G6: =SUMIF(Lista!$B$7:$B$126,E6,Lista!$F$7:$F$126) -> 7.9 | H6: =SUMIF(Lista!$B$7:$B$126,E6,Lista!$H$7:$H$126) -> 0
B7: Diferencia con el presupuesto | C7: =C4-C6 -> 120 | E7: Pescado | F7: =COUNTIF(Lista!$B$7:$B$126,E7) -> 0 | G7: =SUMIF(Lista!$B$7:$B$126,E7,Lista!$F$7:$F$126) -> 0 | H7: =SUMIF(Lista!$B$7:$B$126,E7,Lista!$H$7:$H$126) -> 0
B8: Diferencia estimado vs real | C8: =C5-C6 -> 19.5 | E8: Lácteos y huevos | F8: =COUNTIF(Lista!$B$7:$B$126,E8) -> 1 | G8: =SUMIF(Lista!$B$7:$B$126,E8,Lista!$F$7:$F$126) -> 5.7 | H8: =SUMIF(Lista!$B$7:$B$126,E8,Lista!$H$7:$H$126) -> 0
B9: Productos en la lista | C9: =COUNTA(Lista!$C$7:$C$126) -> 4 | E9: Panadería | F9: =COUNTIF(Lista!$B$7:$B$126,E9) -> 0 | G9: =SUMIF(Lista!$B$7:$B$126,E9,Lista!$F$7:$F$126) -> 0 | H9: =SUMIF(Lista!$B$7:$B$126,E9,Lista!$H$7:$H$126) -> 0
B10: Ya comprados | C10: =COUNTIF(Lista!$I$7:$I$126,"Sí") -> 0 | E10: Despensa | F10: =COUNTIF(Lista!$B$7:$B$126,E10) -> 1 | G10: =SUMIF(Lista!$B$7:$B$126,E10,Lista!$F$7:$F$126) -> 2.6 | H10: =SUMIF(Lista!$B$7:$B$126,E10,Lista!$H$7:$H$126) -> 0
B11: Pendientes | C11: =C9-C10 -> 4 | E11: Congelados | F11: =COUNTIF(Lista!$B$7:$B$126,E11) -> 0 | G11: =SUMIF(Lista!$B$7:$B$126,E11,Lista!$F$7:$F$126) -> 0 | H11: =SUMIF(Lista!$B$7:$B$126,E11,Lista!$H$7:$H$126) -> 0
E12: Bebidas | F12: =COUNTIF(Lista!$B$7:$B$126,E12) -> 0 | G12: =SUMIF(Lista!$B$7:$B$126,E12,Lista!$F$7:$F$126) -> 0 | H12: =SUMIF(Lista!$B$7:$B$126,E12,Lista!$H$7:$H$126) -> 0
E13: Limpieza | F13: =COUNTIF(Lista!$B$7:$B$126,E13) -> 0 | G13: =SUMIF(Lista!$B$7:$B$126,E13,Lista!$F$7:$F$126) -> 0 | H13: =SUMIF(Lista!$B$7:$B$126,E13,Lista!$H$7:$H$126) -> 0
E14: Higiene | F14: =COUNTIF(Lista!$B$7:$B$126,E14) -> 0 | G14: =SUMIF(Lista!$B$7:$B$126,E14,Lista!$F$7:$F$126) -> 0 | H14: =SUMIF(Lista!$B$7:$B$126,E14,Lista!$H$7:$H$126) -> 0
E15: Otros | F15: =COUNTIF(Lista!$B$7:$B$126,E15) -> 0 | G15: =SUMIF(Lista!$B$7:$B$126,E15,Lista!$F$7:$F$126) -> 0 | H15: =SUMIF(Lista!$B$7:$B$126,E15,Lista!$H$7:$H$126) -> 0
